 Dungeon Crawl Stone Soup version 0.28-a0-474-g535839065c (webtiles) character file.

Game seed: 15905514490438025216

2277 SkeletonJelly the Slicer (level 9, -4/43 HPs)
             Began as a Spriggan Abyssal Knight on Sept 15, 2021.
             Was an Elder of Lugonu.
             Slain by a two-headed ogre (20 damage)
             ... on level 7 of the Dungeon.
             The game lasted 00:17:11 (12008 turns).

SkeletonJelly the Slicer (Spriggan Abyssal Knight) Turns: 12008, Time: 00:17:12

Health: -4/43      AC:  4    Str:  8    XL:     9   Next: 16%
Magic:  5/11       EV: 17    Int: 17    God:    Lugonu [****..]
Gold:   510        SH:  0    Dex: 14    Spells: 6/9 levels left

rFire   + . .      SeeInvis +   t - +1 dagger (distort)
rCold   . . .      Faith    .   (shield restricted)
rNeg    . . .      Spirit   .   D - +2 robe {Will+}
rPois   .          Reflect  .   (helmet restricted)
rElec   .          Harm     .   (no cloak)
rCorr   .          Rampage  .   (gloves unavailable)
Will    ++...                   (boots unavailable)
Stlth   ++++......              (no amulet)
HPRegen 0.14/turn               w - ring of protection from fire
MPRegen 0.12/turn               (no ring)

@: confusing by touch, very slightly contaminated, very quick
A: very small, no large weapons, unfitting armour, see invisible, speed 3
a: Renounce Religion, Depart the Abyss, Bend Space, Banish, Corrupt


You were on level 7 of the Dungeon.
You worshipped Lugonu.
Lugonu was greatly pleased with you.
You visited 1 branch of the dungeon, and saw 7 of its levels.
You visited the Abyss 1 time.

You collected 510 gold pieces.

Inventory:

Hand Weapons
 a - a +1 short sword
 d - a +0 hand axe of electrocution
 g - a +0 broad axe
 r - a +2 whip of venom
 t - a +1 dagger of distortion (weapon)
 v - a +1 dagger of draining
 C - the +9 hand crossbow of Immorality {speed, rPois MP+9 Str+4 Int-3}
   (You took it off a kobold on level 4 of the Dungeon)

   Attacks with this weapon are significantly faster.
   Str:       It affects your strength (+4).
   Int:       It affects your intelligence (-3).
   rPois:     It protects you from poison.
   MP:        It affects your magic capacity (+9).
Missiles
 q - 21 poisoned darts (quivered)
Armour
 b - a +0 robe
 e - a +0 buckler
 D - a +2 robe of willpower (worn)
Jewellery
 f - an amulet of magic regeneration
 w - a ring of protection from fire (left hand)
 G - a ring of fire
 I - a ring of ice
 J - a +4 ring of evasion
Scrolls
 c - 4 scrolls of acquirement {unknown}
 h - 2 scrolls of magic mapping {unknown}
 j - 7 scrolls of identify {unknown}
 k - a scroll of brand weapon {unknown}
 l - 5 scrolls of teleportation {unknown}
 m - 3 scrolls of enchant armour {unknown}
 o - a scroll of immolation {unknown}
 s - a scroll of fear {unknown}
 y - 2 scrolls of vulnerability {unknown}
 B - a scroll of silence {unknown}
 K - a scroll of noise {unknown}
Potions
 i - a potion of magic {unknown}
 n - 2 potions of heal wounds {unknown}
 p - a potion of mutation {unknown}
 u - a potion of resistance {unknown}
 x - 2 potions of brilliance
 z - a potion of might {unknown}
 A - a potion of flight {unknown}
 E - a potion of invisibility {unknown}
 F - 2 potions of attraction {unknown}
 H - a potion of degeneration {unknown}


   Skills:
 - Level 2.4 Fighting
 - Level 10.0 Short Blades
 - Level 4.0 Axes
 - Level 3.2 Dodging
 * Level 10.0 Stealth
 + Level 0.8 Spellcasting
 + Level 0.8 Hexes
 - Level 1.7 Invocations


You had 6 spell levels left.
You knew the following spells:

 Your Spells              Type           Power      Damage    Failure   Level
a - Confusing Touch       Hex            3%         N/A       43%         3

Your spell library contained the following spells:

 Spells                   Type           Power      Damage    Failure   Level
 Slow                     Hex            3%         N/A       24%         2
 Vampiric Draining        Necr           0%         2d6       54%         3


Dungeon Overview and Level Annotations

Branches:
Dungeon (7/15)             Temple (0/1) D:5

Altars:
Dithmenos
Fedhas
Kikubaaqudgha
Qazlal
Wu Jian
The Shining One

Shops:
D:4 =   D:5 *?[(

Annotations:
D:6 3 runed translucent doors, Zenkrye's ghost, novice DjFi


Innate Abilities, Weirdness & Mutations

You are very small and have problems with some larger weapons.
You are too small for most types of armour.
You have supernaturally acute eyesight. (SInv)
You cover ground extremely quickly. (Speed+++)


Message History

Aim: a two-headed ogre, wielding two +0 giant clubs (chance to confuse on hit: 20%, 74% to hit)
You throw a poisoned dart.
The poisoned dart hits the two-headed ogre.
The two-headed ogre is poisoned.
You completely miss the two-headed ogre.
The two-headed ogre is lightly wounded.
The two-headed ogre barely misses you.
The two-headed ogre hits you with a +0 giant club!!
Ouch! That really hurt!
You take 23 damage, and have 20/43 hp.
MASSIVE DAMAGE!!
You hit the two-headed ogre but do no damage.
You hit the two-headed ogre but do no damage.
Your hands stop glowing.
Throw: 25 darts (poison)
Press: ? - help, Q - select action, (/) - cycle Shift-Dir - straight line, f/p - two-headed ogre
Aim: a two-headed ogre, wielding two +0 giant clubs (lightly wounded, 74% to hit)
You throw a poisoned dart.
The poisoned dart hits the two-headed ogre.
The two-headed ogre is lightly wounded.
Throw: 24 darts (poison)
Press: ? - help, Q - select action, (/) - cycle Shift-Dir - straight line, f/p - two-headed ogre
Aim: a two-headed ogre, wielding two +0 giant clubs (lightly wounded, 74% to hit)
You throw a poisoned dart.
The poisoned dart hits the two-headed ogre.
The two-headed ogre is lightly wounded.
Throw: 23 darts (poison)
Press: ? - help, Q - select action, (/) - cycle Shift-Dir - straight line, f/p - two-headed ogre
Aim: a two-headed ogre, wielding two +0 giant clubs (lightly wounded, 74% to hit)
You throw a poisoned dart.
The poisoned dart barely misses the two-headed ogre.
Throw: 22 darts (poison)
Press: ? - help, Q - select action, (/) - cycle Shift-Dir - straight line, f/p - two-headed ogre
Aim: a two-headed ogre, wielding two +0 giant clubs (lightly wounded, 74% to hit)
You throw a poisoned dart.
The poisoned dart hits the two-headed ogre.
The two-headed ogre is poisoned.
The two-headed ogre is lightly wounded.
Throw: 21 darts (poison)
Press: ? - help, Q - select action, (/) - cycle Shift-Dir - straight line, f/p - two-headed ogre
Aim: a two-headed ogre, wielding two +0 giant clubs (lightly wounded, poisoned, 74% to hit)
You throw a poisoned dart.
The poisoned dart hits the two-headed ogre.
The two-headed ogre looks even sicker.
The two-headed ogre is lightly wounded.
Throw: 20 darts (poison)
Press: ? - help, Q - select action, (/) - cycle Shift-Dir - straight line, f/p - two-headed ogre
Aim: a two-headed ogre, wielding two +0 giant clubs (lightly wounded, very poisoned, 74% to hit)
You throw a poisoned dart.
The poisoned dart hits the two-headed ogre.
The two-headed ogre looks even sicker.
The two-headed ogre is lightly wounded.
Throw: 19 darts (poison)
Press: ? - help, Q - select action, (/) - cycle Shift-Dir - straight line, f/p - two-headed ogre
Aim: a two-headed ogre, wielding two +0 giant clubs (lightly wounded, very poisoned, 74% to hit)
You throw a poisoned dart.
The poisoned dart hits the two-headed ogre.
The two-headed ogre is lightly wounded.
MP restored: 11
There is a stone staircase leading up here.
You climb upwards.
Level annotation: 3 runed translucent doors, Zenkrye's ghost, novice DjFi
There is a stone staircase leading down here.
Key pressed, stopping explore.
Key pressed, stopping explore.
HP restored.
Key pressed, stopping explore.
Key pressed, stopping explore.
Health restored: 43 Zenkrye's ghost turns its malevolent gaze towards you.
Things that are here:
27 arrows; a +0 shortbow
There is a stone staircase leading down here.
You climb downwards.
There is a stone staircase leading up here.
There is a stone staircase leading down here.
q - 19 poisoned darts (gained 1)
q - 20 poisoned darts (gained 1)
q - 21 poisoned darts (gained 1)
A two-headed ogre is nearby!
Casting: Confusing Touch (quite dangerous; 43% risk of failure)
Confirm with . or Enter, or press ? or * to list all spells.
The spell is quite dangerous to cast (43% risk of failure)!
Continue anyway?
You miscast Confusing Touch.
You are very lightly contaminated with residual magic.
Nothing appears to happen.
You now have 8/11 mp.
Casting: Confusing Touch (quite dangerous; 43% risk of failure)
Confirm with . or Enter, or press ? or * to list all spells.
The spell is quite dangerous to cast (43% risk of failure)!
Continue anyway?
Your hands begin to glow red.
You now have 5/11 mp.
The two-headed ogre hits you with a +0 giant club!!
The two-headed ogre closely misses you.
You take 18 damage, and have 25/43 hp.
MASSIVE DAMAGE!!
You hit the two-headed ogre but do no damage.
You completely miss the two-headed ogre.
You hit the two-headed ogre but do no damage.
The two-headed ogre hits you with a +0 giant club!
The two-headed ogre hits you with a +0 giant club!!
You die...

..##### #.# #.........## #.#
# ......## #(#
#.###.....##.##.##.#
.......# #.#
#.#.......##...<...#
.......# #.#
#.#.#.....#####.####
..####.# #.# #.#.#.....#
#....... ..# #.#
#.###....†.#### #.#.###. ..#
#.# #...###.###### #O#.###W
..# #.# ###.##..O....#
#.#..##. ..##
#.#####.##.@####.####O##.##.
...#
#...........###.......##.##.
..##
#######...(...#..####.......
.## ####.##.#.)...#.##.###
###########
#.##...(((......#
#.........#
#..........#.####
....#####.# ######.#####.#
..#.#####.# #.......#
....##....# #########


You could see a two-headed ogre.

Vanquished Creatures
  2 water moccasins
  A necrophage (D:4)
  2 centaurs (D:6)
  3 phantoms (D:4)
  A kobold brigand (D:7)
  3 scorpions
  A gnoll sergeant (D:6)
  A water moccasin skeleton (D:5)
  2 howler monkeys
  3 hounds
  A bullfrog skeleton (D:5)
  2 centaur skeletons
  A jelly (D:6)
  6 orc priests
  2 iguanas
  4 orc wizards (D:4)
  3 gnolls (D:6)
  9 adders
  2 white imps (D:7)
  An adder skeleton (D:4)
  A dart slug (D:2)
  30 orcs
  6 endoplasms
  3 giant cockroaches
  7 goblins
  6 hobgoblins
  12 jackals
  6 quokkas
  6 ball pythons
  8 bats
  A frilled lizard (D:3)
  13 kobolds
  3 rats
152 creatures vanquished.

Vanquished Creatures (others)
  2 starspawn tentacles (Abyss:1)
2 creatures vanquished.

Grand Total: 154 creatures vanquished

Notes
Turn   | Place    | Note
-------+----------+-------------------------------------------
     0 | Abyss:1  | SkeletonJelly the Spriggan Abyssal Knight began the quest
                  | for the Orb.
     0 | Abyss:1  | Reached XP level 1. HP: 11/11 MP: 3/3
    84 | Abyss:1  | Noticed a ynoxinul
   151 | Abyss:1  | Noticed a tentacled starspawn
   238 | Abyss:2  | Noticed a small abomination
   259 | D:1      | Escaped the Abyss
   586 | D:1      | Reached * piety under Lugonu
   587 | D:1      | Reached skill level 1 in Axes
   758 | D:1      | Reached XP level 2. HP: 14/16 MP: 4/4
   784 | D:1      | Found a faded altar of an unknown god.
  1501 | D:1      | Reached XP level 3. HP: 14/19 MP: 5/5
  2516 | D:2      | Reached ** piety under Lugonu
  3101 | D:2      | Reached XP level 4. HP: 22/23 MP: 6/6
  4092 | D:3      | Reached XP level 5. HP: 27/27 MP: 7/7
  4405 | D:3      | Found a shadowy altar of Dithmenos.
  4639 | D:3      | Found a blossoming altar of Fedhas.
  4663 | D:3      | Found an ornate altar of the Wu Jian Council.
  4705 | D:3      | Found an ancient bone altar of Kikubaaqudgha.
  4901 | D:4      | Found Jaawiderea's Jewellery Shoppe.
  4902 | D:4      | Noticed a phantom
  4968 | D:4      | Found a stormy altar of Qazlal.
  5004 | D:4      | Reached skill level 1 in Stealth
  5243 | D:4      | Noticed a phantom
  5264 | D:4      | Killed a phantom
  5265 | D:4      | Reached XP level 6. HP: 5/32 MP: 8/8
  6129 | D:4      | Reached skill level 5 in Short Blades
  6419 | D:4      | Reached XP level 7. HP: 27/35 MP: 9/9
  6814 | D:4      | Identified the +9 hand crossbow of Immorality {speed, rPois
                  | MP+9 Str+4 Int-3}
  6823 | D:4      | Reached *** piety under Lugonu
  6824 | D:4      | Reached skill level 5 in Stealth
  7522 | D:5      | Entered Level 5 of the Dungeon
  7836 | D:5      | Found Xis Atuh's Armour Emporium.
  7861 | D:5      | Found a staircase to the Ecumenical Temple.
  7946 | D:5      | Found Waxeam's Magic Scroll Shop.
  8307 | D:5      | Reached XP level 8. HP: 9/39 MP: 10/10
  8660 | D:5      | Found Wurof's Antique Weapon Boutique.
  9229 | D:5      | Found Methuz's General Store.
  9955 | D:6      | Reached **** piety under Lugonu
 10043 | D:6      | Found a runed translucent gate.
 10043 | D:6      | Found a runed translucent gate.
 10043 | D:6      | Found a runed translucent gate.
 10049 | D:6      | Noticed Zenkrye's ghost (novice DjFi)
 10081 | D:6      | Found a glowing golden altar of the Shining One.
 10500 | D:7      | Reached XP level 9. HP: 43/43 MP: 11/11
 11088 | D:7      | Learned a level 3 spell: Confusing Touch
 11632 | D:7      | Reached skill level 10 in Short Blades
 11696 | D:7      | Reached skill level 10 in Stealth
 11711 | D:7      | Noticed a two-headed ogre
 12008 | D:7      | Slain by a two-headed ogre

Illustrated notes

Levels and vault maps discovered:
D:1:      lightli_arrival_flooded_house, layout_basic,
          ebering_ecumenical_altar_abandoned, minmay_misc_feat_alley
D:2:      wander_river, layout_basic, grunt_ministairs_3
D:3:      layout_basic, nicolae_overflow_quartered_altars
D:4:      minmay_octagon_keep, layout_loops_ring, grunt_qazlal_clouds,
          serial_shops, nicolae_square_shop
D:5:      layout_basic, minmay_temple_entry_proselytizer, serial_shops, shop,
          nicolae_shop_competitors_out_of_business, nicolae_lakefront_shop,
          nicolae_shop_stone
D:6:      layout_loops_cross, tso_oasis_becter, gammafunk_ghost_necromancy
D:7:      layout_loops_cross

Skill      XL: |  1  2  3  4  5  6  7  8  9 |
---------------+----------------------------+-----
Axes           | 1 2 3 4 |  4.0
Stealth        | 2 4 6 9 10 | 10.0
Short Blades   | 3 5 7 9 10 | 10.0
Fighting       | |  2.4
Dodging        | |  3.2
Spellcasting   | |  0.8
Hexes          | |  0.8
Invocations    | |  1.7

Action                   |  1- 3 |  4- 6 |  7- 9 || total
-------------------------+-------+-------+-------++-------
Melee: Hand axe          |   125 |    59 |       ||   184
       Short sword       |     1 |       |       ||     1
       Dagger            |       |    97 |   301 ||   398
Throw: Dart              |       |    38 |    12 ||    50
 Cast: Confusing Touch   |       |       |     2 ||     2
Invok: Depart the Abyss  |     1 |       |       ||     1
  Use: Potion            |       |       |     3 ||     3
 Stab: Distracted        |       |     1 |     3 ||     4
       Sleeping          |       |       |    15 ||    15
Armor: Robe              |    21 |     5 |    23 ||    49
Dodge: Dodged            |   129 |   101 |   145 ||   375

Table legend: (Time is in decaauts)
 A = Elapsed time spent in this place.
 B = Non-inter-level travel time spent in this place.
 C = Inter-level travel time spent in this place.
 D = Time resting spent in this place.
 E = Time spent auto-exploring this place.
 F = Levels seen in this place.
 G = Mean time per level.
                   A        B        C        D        E       F      G
               +--------+--------+--------+--------+--------+-----+--------+
         Total |   9645 |   9409 |    236 |      0 |   8015 |   9 | 1071.7 |
       Dungeon |   9477 |   9241 |    236 |      0 |   7948 |   7 | 1353.9 |
         Abyss |    168 |    168 |      0 |      0 |     67 |   2 |   84.0 |
               +--------+--------+--------+--------+--------+-----+--------+

Top non-repeatable levels by time:
     D:4: 2387 daAuts
     D:3: 1750 daAuts
     D:1: 1664 daAuts
     D:6: 1355 daAuts
     D:5: 971 daAuts
     D:7: 685 daAuts
     D:2: 663 daAuts
 Abyss:1: 107 daAuts
 Abyss:2: 61 daAuts
